 Dungeon Crawl Stone Soup version 0.26-a0-665-gefeb406119 (webtiles) character file.

Game seed: 7801747692344103555

515 Ijustatesigmund the Sneak (level 7, -4/36 HPs)
             Began as a Spriggan Wanderer on Oct 14, 2020.
             Slain by an ice beast (12 damage)
             ... on level 5 of the Dungeon.
             The game lasted 00:11:59 (5743 turns).

Ijustatesigmund the Sneak (Spriggan Wanderer)       Turns: 5743, Time: 00:12:00

Health: -4/36      AC:  3    Str:  9    XL:     7   Next: 0%
Magic:  0/8        EV: 19    Int: 15    God:
Gold:   151        SH:  0    Dex: 15    Spells: 6/6 levels left

rFire    . . .     SeeInvis +   a - +2 short sword
rCold    . . .     Faith    .   (shield restricted)
rNeg     . . .     Spirit   +   d - +0 robe
rPois    .         Reflect  .   g - +1 hat
rElec    .         Harm     .   h - scarf {+Inv}
rCorr    .         Rampage  .   (gloves unavailable)
MR       +....                  (boots unavailable)
Stlth    +++.......             p - amulet of guardian spirit
HPRegen  0.12/turn              (no ring)
MPRegen  0.11/turn              (no ring)

@: flying, very quick
A: very small, unfitting armour, see invisible, speed 3
a: Evoke Invisibility


You were on level 5 of the Dungeon.
You visited 1 branch of the dungeon, and saw 5 of its levels.

You collected 151 gold pieces.

Inventory:

Hand Weapons
 a - a +2 short sword (weapon)
Armour
 d - a +0 robe (worn)
 g - a +1 hat (worn)
 h - a scarf of invisibility (worn)
Jewellery
 p - an amulet of guardian spirit (around neck)
 q - an uncursed amulet of reflection {unknown}
 s - an uncursed ring of ice
Scrolls
 l - 3 scrolls of remove curse
 r - a scroll of identify
Potions
 c - a potion of lignification
 e - a potion of magic
 j - a potion of resistance
 n - a potion of heal wounds {unknown}
 o - a potion of haste {unknown}


   Skills:
 + Level 3.4 Fighting
 + Level 4.9 Short Blades
   Level 1.0 Maces & Flails
 - Level 4.5 Dodging
 + Level 6.4 Stealth
   Level 1.0 Shields
 - Level 1.3 Evocations


You had 6 spell levels left.
You didn't know any spells.
Your spell library was empty.

Dungeon Overview and Level Annotations

Branches:
Dungeon (5/15)
 Temple: D:4-7

Altars:
Ru

Shops:
D:4 =

Annotations:
D:5 Blork the orc


Innate Abilities, Weirdness & Mutations

You are very small and have problems with some larger weapons.
You are too small for most types of armour.
You have supernaturally acute eyesight. (SInv)
You cover ground extremely quickly.


Message History

The howler monkey is heavily wounded.
The hound skeleton completely misses you.
The howler monkey completely misses you.
The hound skeleton closely misses you. The ice beast hits you.
The ice beast freezes you!
* * * LOW HITPOINT WARNING * * *
It was a potion of flight.
You feel very buoyant.
You fly up into the air.
The howler monkey hits you but does no damage.
The hound skeleton barely misses you. The ice beast misses you.
It was a potion of curing.
You feel better.
The howler monkey completely misses you.
The hound skeleton bites you but does no damage.
The howler monkey hits you.
* * * LOW HITPOINT WARNING * * *
The ice beast hits you.
* * * LOW HITPOINT WARNING * * *
The ice beast freezes you!
You die...

#....#............'?
#....#...........Z#.
#...'....Z.......#.
#...#............##
######...##......##
#..###...##..##....
#..rZ....######.r..
##.ZY?.....# #...r.
#..@hr.....# #...##
##..###.#### ##..##
#### ### #..## .....
....## ...$. # . . #


You could see an ice beast, a howler monkey, a worker ant zombie (wandering), 2
quokkas, a hound skeleton and a bullfrog skeleton.

Vanquished Creatures
  An ogre (D:4)
  A phantom (D:4)
  A hound (D:4)
  A gnoll shaman (D:4)
  A worker ant (D:4)
  11 gnolls (D:4)
  5 adders
  An ufetubus (D:5)
  An ooze (D:1)
  A worm (D:4)
  A dart slug (D:3)
  3 leopard geckos
  2 orcs (D:3)
  11 bats
  4 giant cockroaches
  5 goblins
  9 hobgoblins
  20 jackals
  7 kobolds
  2 quokkas
  A ball python (D:2)
  3 frilled lizards (D:1)
  7 rats
99 creatures vanquished.

Vanquished Creatures (others)
  A plant (D:4)
1 creature vanquished.

Grand Total: 100 creatures vanquished

Notes
Turn   | Place    | Note
-------+----------+-------------------------------------------
     0 | D:1      | Ijustatesigmund the Spriggan Wanderer began the quest for
                  | the Orb.
     0 | D:1      | Ijustatesigmund set off with the following items: a +2
                  | short sword, a scroll of teleportation, a potion of
                  | lignification, a +0 robe
     0 | D:1      | Reached XP level 1. HP: 10/10 MP: 2/2
   143 | D:1      | Reached skill level 2 in Stealth
   145 | D:1      | Reached XP level 2. HP: 13/14 MP: 3/3
   529 | D:1      | Reached XP level 3. HP: 18/18 MP: 4/4
  1161 | D:3      | Found a sacrificial altar of Ru.
  1525 | D:3      | Reached skill level 3 in Stealth
  1986 | D:2      | Reached XP level 4. HP: 23/23 MP: 5/5
  3494 | D:4      | Found Itugi's Jewellery Boutique.
  3508 | D:4      | Noticed an ogre
  3526 | D:4      | Killed an ogre
  3526 | D:4      | Reached skill level 4 in Stealth
  3526 | D:4      | Reached XP level 5. HP: 27/27 MP: 6/6
  3624 | D:5      | Entered Level 5 of the Dungeon
  4101 | D:4      | Reached skill level 5 in Stealth
  4149 | D:4      | Reached XP level 6. HP: 24/32 MP: 7/7
  4681 | D:4      | Reached skill level 6 in Stealth
  5677 | D:4      | Reached XP level 7. HP: 36/36 MP: 8/8
  5710 | D:5      | Noticed Blork the orc
  5743 | D:5      | Slain by an ice beast

Illustrated notes

Levels and vault maps discovered:
D:1:      dpeg_arrival_tiny_a, layout_loops_ring, minivault_26,
          item_on_display_a
D:2:      mumra_celtic_spiral_tile, layout_loops_cross
D:3:      layout_basic, nicolae_ru_sacrificial_ziggurat
D:4:      lemuel_castle_with_subvaults [lemuel_castle_interior_carwin_3],
          layout_basic, serial_shops, nicolae_shop_trees
D:5:      layout_gridville, ashenzari_altar_1, minmay_temple_entry_nine_rooms,
          uniq_blork_the_orc

Skill      XL: |  1  2  3  4  5  6 |
---------------+-------------------+-----
Stealth        | 2 3 4 5 6 |  6.4
Dodging        | 4 |  4.5
Short Blades   | 3 4 |  4.9
Fighting       | 2 3 |  3.4
Maces & Flails | |  1.0
Shields        | |  1.0
Evocations     | |  1.3

Action                   |  1- 3 |  4- 6 |  7- 9 || total
-------------------------+-------+-------+-------++-------
Melee: Short sword       |   113 |   300 |     9 ||   422
Evoke: Wand              |       |     6 |     1 ||     7
  Use: Scroll            |     4 |     3 |     1 ||     8
       Potion            |       |     1 |     2 ||     3
 Stab: Sleeping          |     8 |     7 |       ||    15
       Distracted        |       |     4 |       ||     4
Armor: Robe              |     4 |    26 |     5 ||    35
Dodge: Dodged            |    74 |   253 |    18 ||   345

Table legend: (Time is in decaauts)
 A = Elapsed time spent in this place.
 B = Non-inter-level travel time spent in this place.
 C = Inter-level travel time spent in this place.
 D = Time resting spent in this place.
 E = Time spent auto-exploring this place.
 F = Levels seen in this place.
 G = Mean time per level.
                   A        B        C        D        E       F      G
               +--------+--------+--------+--------+--------+-----+--------+
         Total |   4685 |   4648 |     37 |   2224 |   1548 |   5 |  937.0 |
       Dungeon |   4685 |   4648 |     37 |   2224 |   1548 |   5 |  937.0 |
               +--------+--------+--------+--------+--------+-----+--------+

Top non-repeatable levels by time:
     D:4: 1548 daAuts
     D:3: 1211 daAuts
     D:2: 897 daAuts
     D:1: 581 daAuts
     D:5: 446 daAuts
